 Dungeon Crawl Stone Soup version 0.20-a0-1117-g62da73f (webtiles) character file.

238 LessRight the Skirmisher (level 5, -5/44 HPs)
             Began as a Demonspawn Transmuter on May 10, 2017.
             Slain by a two-headed ogre
             ... wielding a +0 giant club
              (8 damage)
             ... on level 4 of the Dungeon.
             The game lasted 00:14:14 (3499 turns).

LessRight the Skirmisher (Demonspawn Transmuter)    Turns: 3499, Time: 00:14:15

Health: -5/44      AC:  7    Str: 10    XL:     5   Next: 78%
Magic:  7/8        EV: 12    Int: 15    God:
Gold:   166        SH:  0    Dex: 14    Spells: 3/8 levels left

rFire    . . .     SeeInvis .   k - +2 short sword (venom)
rCold    . . .     Gourm    .   (no shield)
rNeg     . . .     Faith    .   g - +0 leather armour
rPois    .         Spirit   .   (no helmet)
rElec    .         Reflect  .   B - scarf {cloud immunity}
rCorr    .         Harm     .   x - +2 pair of gloves
MR       .....                  m - +0 pair of boots
Stlth    +++.......             (no amulet)
Regen    0.2/turn               (no ring)
MPRegen  0.2/turn               (no ring)

@: appendage (expiring)
A: horns 2, nightstalker 2, powered by death 1
a: End Transformation


You were on level 4 of the Dungeon.
You were not hungry.
You had grown temporary horns.
You visited 1 branch of the dungeon, and saw 4 of its levels.

You collected 166 gold pieces.

Inventory:

Hand Weapons
 e - a +0 club
 f - a +0 dagger
 k - a +2 short sword of venom (weapon)
Missiles
 a - 45 arrows
 h - 31 sling bullets
 y - 42 stones (quivered)
Armour
 b - a +0 robe
 g - a +0 leather armour (worn)
 m - a +0 pair of boots (worn)
 x - a +2 pair of gloves (worn)
 B - a scarf of cloud immunity (worn)
Jewellery
 i - an uncursed amulet of the gourmand {unknown}
 q - an uncursed amulet of guardian spirit {unknown}
 z - an uncursed ring of protection from cold {unknown}
Scrolls
 l - 2 scrolls of random uselessness {unknown}
 p - 4 scrolls of identify {unknown}
 r - 2 scrolls of noise {unknown}
 v - 2 scrolls of teleportation {unknown}
 w - a scroll of amnesia {unknown}
 A - a scroll of remove curse {unknown}
Potions
 n - a potion of cancellation {unknown}
 s - a potion of lignification {unknown}
 t - 2 potions of heal wounds {unknown}
 u - a potion of haste {unknown}
Books
 c - a book of Changes

   Spells                             Type                      Level
   a - Beastly Appendage              Transmutation                1
   b - Sticks to Snakes               Transmutation                2
   c - Spider Form                    Transmutation/Poison         3
   d - Ice Form                       Ice/Transmutation            4
   e - Blade Hands                    Transmutation                5
Comestibles
 d - 3 bread rations
 j - 2 royal jellies


   Skills:
 - Level 5.0 Fighting
 - Level 1.9 Dodging
 - Level 2.6 Unarmed Combat
 - Level 2.0 Spellcasting
 + Level 3.1 Transmutations


You had 3 spell levels left.
You knew the following spells:

 Your Spells              Type           Power        Failure   Level  Hunger
a - Beastly Appendage     Tmut           ##....       9%          1    #......
b - Ice Form              Ice/Tmut       #.......     85%         4    #####..


Dungeon Overview and Level Annotations

Branches:
Dungeon (4/15)
 Temple: D:4-7

Altars:
Dithmenos

Annotations:
D:4 SFR's ghost, amateur OgWz


Innate Abilities, Weirdness & Mutations

You are significantly more attuned to the shadows.
You regenerate a little health from kills.
You have a pair of horns on your head.


Message History

You hit the two-headed ogre.
The two-headed ogre is poisoned.
You headbutt the two-headed ogre.
The two-headed ogre is lightly wounded.
The two-headed ogre closely misses you.
The two-headed ogre hits you with a giant club!!
Ouch! That really hurt!
You completely miss the two-headed ogre.
You headbutt the two-headed ogre, but do no damage.
The two-headed ogre is lightly wounded.
The two-headed ogre completely misses you.
The two-headed ogre barely misses you.
You hit the two-headed ogre.
The two-headed ogre is moderately wounded.
Your transformation is almost over.
You hit the two-headed ogre.
The two-headed ogre is heavily wounded.
The two-headed ogre hits you with a giant club!!
* * * LOW HITPOINT WARNING * * *
The two-headed ogre hits you with a giant club!
You die...

#...O#
.......
#...#.#..
#.###J #..
###.....
... ....O.
####..#####
......<...#
.......O@.#
..........#
..........#
###########


You could see a two-headed ogre.

Vanquished Creatures
  Natasha (thrice) (D:2)
  4 gnolls (D:3)
  5 adders
  An adder skeleton (D:4)
  3 worms
  5 dart slugs
  2 leopard geckos
  An orc (D:3)
  6 bats
  2 giant cockroaches (D:3)
  6 goblins
  5 hobgoblins
  6 jackals
  2 frilled lizards (D:1)
  5 kobolds
  8 rats
64 creatures vanquished.

Notes
Turn   | Place    | Note
-------+----------+-------------------------------------------
     0 | D:1      | LessRight the Demonspawn Transmuter began the quest for the Orb.
     0 | D:1      | Reached XP level 1. HP: 15/15 MP: 3/3
   121 | D:1      | Reached skill level 2 in Fighting
   122 | D:1      | Gained mutation: You are slightly more attuned to the shadows. [demonic ancestry]
   122 | D:1      | Reached XP level 2. HP: 17/22 MP: 5/5
  1027 | D:1      | Reached skill level 3 in Fighting
  1048 | D:1      | Gained mutation: You are significantly more attuned to the shadows. [demonic ancestry]
  1048 | D:1      | Reached XP level 3. HP: 29/29 MP: 6/6
  1333 | D:2      | Noticed Natasha
  1345 | D:2      | Killed Natasha
  1345 | D:2      | Reached XP level 4. HP: 34/37 MP: 5/7
  1367 | D:2      | Noticed Natasha
  1379 | D:2      | Killed Natasha
  1379 | D:2      | Reached skill level 4 in Fighting
  1864 | D:2      | Noticed Natasha
  1869 | D:2      | Killed Natasha
  1869 | D:2      | Gained mutation: You regenerate a little health from kills. [demonic ancestry]
  1869 | D:2      | Reached XP level 5. HP: 30/43 MP: 8/8
  2063 | D:2      | Reached skill level 5 in Fighting
  2326 | D:3      | Found a shadowy altar of Dithmenos.
  2905 | D:4      | Noticed SFR's ghost (amateur OgWz)
  3224 | D:4      | Noticed a two-headed ogre
  3448 | D:3      | Learned a level 4 spell: Ice Form
  3499 | D:4      | Slain by a two-headed ogre

Vault maps used:
D:1:      minmay_arrival_semitransparent
D:2:      uniq_natasha
D:3:      nicolae_dithmenos_shadow_blocks, hangedman_decor_points
D:4:      minmay_ogre_servants

Skill      XL: |  1  2  3  4  5 |
---------------+----------------+-----
Fighting       | 2 3 4 5 |  5.0
Transmutations | 3 |  3.1
Dodging        | |  1.9
Unarmed Combat | |  2.6
Spellcasting   | |  2.0

Action                   |  1- 3 |  4- 6 || total
-------------------------+-------+-------++-------
Melee: Club              |    50 |       ||    50
       Headbutt          |     7 |     4 ||    11
       Dagger            |    29 |       ||    29
       Short sword       |    28 |   101 ||   129
       Kick              |     6 |       ||     6
       Punch             |       |     1 ||     1
 Cast: Beastly Appendage |    13 |     5 ||    18
 Stab: Sleeping          |     5 |    11 ||    16
       Distracted        |       |     2 ||     2
  Eat: Chunk             |     2 |     7 ||     9
Armor: Leather armour    |    17 |    17 ||    34
Dodge: Dodged            |    77 |    55 ||   132
